 Dungeon Crawl Stone Soup version 0.30.1-11-g7821555f0a (webtiles) character file.

Game seed: 2369122270886862929

4386 pkoi the Destroyer (level 10, -5/69 HPs)
             Began as a Grey Draconian Hedge Wizard on Nov 9, 2023.
             Was a Believer of Vehumet.
             Engulfed by a steam dragon's steam (7 damage)
             ... on level 8 of the Dungeon.
             The game lasted 00:24:12 (12577 turns).

pkoi the Destroyer (Grey Draconian Hedge Wizard)   Turns: 12577, Time: 00:24:12

Health: -5/69      AC: 16    Str: 12    XL:     10   Next: 13%
Magic:  23/23      EV: 12    Int: 20    God:    Vehumet [**....]
Gold:   201        SH:  0    Dex: 10    Spells: 6/15 levels left

rFire   . . .        o - +1 dagger (freeze)
rCold   . . .        x - orb {*channel}
rNeg    + . .        (body armour unavailable)
rPois   .            b - +1 hat
rElec   .            j - +0 cloak
rCorr   .            p - +0 pair of gloves
SInv    .            n - +0 pair of boots
Will    .....        (no amulet)
Stlth   ++           k - ring of magical power
HPRegen 0.31/turn    y - ring of positive energy
MPRegen 0.18/turn

%: channel magic (20%)
@: no status effects
A: AC +12, amphibious, unfitting armour, cold-blooded
a: Renounce Religion


You were on level 8 of the Dungeon.
You worshipped Vehumet.
Vehumet was pleased with you.
You visited 2 branches of the dungeon, and saw 9 of its levels.

You collected 513 gold pieces.
You spent 312 gold pieces at shops.

Inventory:

Hand Weapons
 a - a +0 dagger
 m - a +0 dagger of flaming
 o - a +1 dagger of freezing (weapon)
 C - a +3 dagger
Missiles
 q - 3 throwing nets
Armour
 b - a +1 hat (worn)
 j - a +0 cloak (worn)
 n - a +0 pair of boots (worn)
 p - a +0 pair of gloves (worn)
 x - an orb of energy (worn)
Jewellery
 k - a ring of magical power (left hand)
 l - a ring of resist corrosion
 y - a ring of positive energy (right hand)
Wands
 r - a wand of flame (24)
Scrolls
 d - 2 scrolls of blinking
 e - a scroll of enchant armour
 i - 6 scrolls of identify
 t - 3 scrolls of teleportation
 u - 3 scrolls of fear
 w - 2 scrolls of magic mapping
 A - a scroll of fog
Potions
 c - 2 potions of magic
 f - 6 potions of curing
 g - 2 potions of heal wounds
 h - 2 potions of flight
 s - 3 potions of brilliance
 v - a potion of cancellation
 z - a potion of resistance
 B - a potion of haste {unknown}


   Skills:
 - Level 1.7 Dodging
 - Level 1.7 Stealth
 + Level 3.3 Spellcasting
 - Level 13.0 Conjurations
 - Level 1.0 Summonings
 - Level 3.0 Translocations
 + Level 1.2 Transmutations
 + Level 1.2 Fire Magic
 - Level 3.0 Air Magic
 + Level 3.4 Poison Magic
 + Level 1.2 Evocations


You had 6 spell levels left.
You knew the following spells:

 Your Spells              Type           Power      Damage    Failure   Level
a - Magic Dart            Conj           100%       1d8       1%          1
b - Blink                 Tloc           30%        N/A       17%         2
c - Mephitic Cloud        Conj/Pois/Air  29%        N/A       11%         3
d - Ignite Poison         Fire/Tmut/Pois 11%        N/A       38%         3

Your spell library contained the following spells:

 Spells                   Type           Power      Damage    Failure   Level
 Scorch                   Fire           16%        2d5       30%         2
 Kiss of Death            Conj/Necr      100%       2d13      5%          1
 Cigotuvi's Dreadful Rot  Necr/Pois/Air  22%        N/A       22%         2
 Slow                     Hex            12%        N/A       32%         1
 Call Imp                 Summ           14%        N/A       32%         2
 Confusing Touch          Hex            3%         N/A       61%         3
 Vampiric Draining        Necr           3%         2d6       61%         3
 Freezing Cloud           Conj/Ice/Air   12%        6-21      63%         5
 Dispel Undead            Necr           3%         3d7       92%         4


Dungeon Overview and Level Annotations

Branches:
Dungeon (8/15)             Temple (1/1) D:6
   Lair: D:8-11

Altars:
Ashenzari
Dithmenos
Elyvilon
Fedhas
Gozag
Hepliaklqana
Kikubaaqudgha
Nemelex Xobeh
Qazlal
Ru
Sif Muna
Trog
Uskayaw
Vehumet
Wu Jian
Xom
Yredelemnul
Zin
The Shining One

Shops:
D:7 :

Annotations:
D:4 1 transporter, pkoi's ghost, novice DrMo


Innate Abilities, Weirdness & Mutations

Your dull iron-grey scales are very hard. (AC +12)
You are amphibious.
You cannot fit into any form of body armour.
You are cold-blooded and may be slowed by cold attacks.


Message History

The steam dragon claws you but does no damage.
Unknown command.
You hit the steam dragon but do no damage.
The steam dragon is moderately wounded.
The steam dragon closely misses you.
The steam dragon claws you but does no damage.
You closely miss the steam dragon.
The steam dragon is moderately wounded.
The steam dragon breathes steam at you. The ball of steam hits you!
You hear an angry buzzing noise.
Unknown command.
You barely miss the steam dragon.
Your tail-slap misses the steam dragon.
The steam dragon is moderately wounded.
You are engulfed in a cloud of scalding steam.
The steam dragon barely misses you.
The steam dragon claws you but does no damage.
Unknown command.
You completely miss the steam dragon.
The steam dragon is moderately wounded.
You are engulfed in a cloud of scalding steam.
The wight misses you. The steam dragon breathes steam at you.
The ball of steam misses you.
You are engulfed in a cloud of scalding steam.
The steam dragon bites you but does no damage.
The steam dragon claws you.
The steam dragon attacks as you move away!
The steam dragon barely misses you.
The steam dragon claws you but does no damage.
The steam dragon attacks as you move away!
The steam dragon bites you!
* * * LOW HITPOINT WARNING * * *
The steam dragon closely misses you. The steam dragon breathes steam at you.
The ball of steam hits you!
* * * LOW HITPOINT WARNING * * *
There is a stone staircase leading up, spattered with blood here.
You are engulfed in a cloud of scalding steam.
You die...

##.#.###.##....#
##.#.# #.# .....
#...)# #.# ##...
#..### .# #.# #[.#
##'#
#.z#####.###...#
##.D......##.....#
#.§..######.......##
##§@§.####.........#
#§§§....+.........'
#§§§.####...P..P...
#.#†#####P....~♣...
#.#......P..)~)♣♣~.
#.#.######..P~~~~♣♣
#.#.# #P..~)~~~♣
#.#.# ##P..~~♣~~
#...# #.....~♣~


You could see a steam dragon and a wight.

Vanquished Creatures
  Pikel (D:6)
  Eustachio (D:4)
  2 vampire mosquitoes (D:6)
  An acid dragon (D:8)
  4 water moccasins
  An ice beast (D:6)
  An orc warrior (D:7)
  3 ogres
  4 centaurs
  3 lemures (D:6)
  2 phantoms
  A kobold brigand (D:8)
  2 bullfrogs (D:8)
  2 gnoll sergeants (D:6)
  5 scorpions
  4 wights
  2 jellies
  A killer bee (D:8)
  2 howler monkeys
  2 vampire bats (D:6)
  3 hounds
  3 orc priests
  5 gnoll boudas
  2 sleepcaps (D:6)
  Jessica (D:2)
  3 orc wizards
  25 gnolls
  10 adders
  2 shadow imps
  An ufetubus (D:5)
  2 worms
  A dart slug (D:3)
  22 orcs
  4 bat skeletons (D:6)
  2 bat zombies (D:6)
  6 endoplasms
  5 giant cockroaches
  4 goblins
  6 hobgoblins
  12 kobolds
  7 quokkas
  7 ball pythons
  6 bats
  6 frilled lizards
  6 rats
195 creatures vanquished.

Vanquished Creatures (others)
  A sky beast (D:8)
1 creature vanquished.

Grand Total: 196 creatures vanquished

Notes
Turn   | Place    | Note
-------+----------+-------------------------------------------
     0 | D:1      | pkoi the Draconian Hedge Wizard began the quest for the
                  | Orb.
     0 | D:1      | Reached XP level 1. HP: 14/14 MP: 4/4
   273 | D:1      | Reached skill level 2 in Conjurations
   289 | D:1      | Reached XP level 2. HP: 20/20 MP: 0/6
   353 | D:1      | Found a faded altar of an unknown god.
  1038 | D:1      | Reached skill level 3 in Conjurations
  1315 | D:2      | Reached XP level 3. HP: 26/26 MP: 2/7
  2257 | D:2      | Reached skill level 4 in Conjurations
  2257 | D:2      | Reached XP level 4. HP: 33/33 MP: 0/8
  2447 | D:2      | Noticed Jessica
  2451 | D:2      | Killed Jessica
  2849 | D:3      | Reached skill level 5 in Conjurations
  2849 | D:3      | Reached XP level 5. HP: 38/38 MP: 0/9
  3549 | D:3      | Reached skill level 6 in Conjurations
  3608 | D:3      | Found a basalt altar of Yredelemnul.
  3608 | D:3      | Found a bloodstained altar of Trog.
  3609 | D:3      | Found a hide-covered altar of Uskayaw.
  3817 | D:3      | Reached XP level 6. HP: 45/45 MP: 4/10
  4224 | D:4      | Noticed a water moccasin
  4266 | D:4      | Killed a water moccasin
  4312 | D:4      | Reached skill level 7 in Conjurations
  4489 | D:4      | Your scales start taking on a dull iron-grey colour.
  4489 | D:4      | Reached XP level 7. HP: 39/50 MP: 3/11
  4559 | D:4      | Learned a level 2 spell: Blink
  4657 | D:4      | Found a transporter.
  4724 | D:4      | Noticed pkoi's ghost (novice DrMo)
  4913 | D:4      | Reached skill level 8 in Conjurations
  5221 | D:5      | Entered Level 5 of the Dungeon
  5445 | D:5      | Noticed Eustachio
  5906 | D:5      | Reached skill level 9 in Conjurations
  6285 | D:5      | Reached XP level 8. HP: 42/57 MP: 12/12
  6760 | D:4      | Killed Eustachio
  6761 | D:4      | Reached skill level 10 in Conjurations
  6850 | D:5      | Learned a level 3 spell: Mephitic Cloud
  7115 | D:6      | Reached skill level 1 in Poison Magic
  7115 | D:6      | Found a radiant altar of Vehumet.
  7226 | D:6      | Became a worshipper of Vehumet
  7259 | D:6      | Reached skill level 1 in Air Magic
  8234 | D:6      | Found a broken altar of Ashenzari.
  8256 | D:6      | Found a staircase to the Ecumenical Temple.
  8289 | Temple   | Entered the Ecumenical Temple
  8353 | D:6      | Reached XP level 9. HP: 62/62 MP: 13/13
  8539 | D:6      | Reached * piety under Vehumet
  8539 | D:6      | Offered knowledge of Freeze by Vehumet.
  8827 | D:6      | Found an ancient bone altar of Kikubaaqudgha.
  8835 | D:6      | Reached skill level 11 in Conjurations
  9926 | D:7      | Noticed Pikel
 10061 | D:7      | Found a sacrificial altar of Ru.
 10076 | D:7      | Reached ** piety under Vehumet
 10077 | D:7      | Reached skill level 12 in Conjurations
 10224 | D:7      | Found a shadowy altar of Dithmenos.
 10455 | D:7      | Offered knowledge of Scorch by Vehumet.
 10791 | D:6      | Killed Pikel
 11494 | D:7      | Found Senouseq's Book Boutique.
 11502 | D:7      | Bought a Trismegistus Codex for 312 gold pieces
 11506 | D:7      | Learned a level 3 spell: Ignite Poison
 11890 | D:8      | Reached XP level 10. HP: 63/69 MP: 14/14
 11964 | D:8      | Reached skill level 13 in Conjurations
 12106 | D:8      | Reached skill level 1 in Transmutations
 12106 | D:8      | Reached skill level 1 in Fire Magic
 12106 | D:8      | Reached skill level 1 in Evocations
 12576 | D:8      | HP: 2/69 [steam dragon/ball of steam (16)]
 12577 | D:8      | Engulfed by a steam dragon's steam

Illustrated notes

Levels and vault maps discovered:
D:1:      dpeg_arrival_prison, layout_basic, shapermc_ecumenical_altar_ellora,
          supply_closet_lemuel
D:2:      layout_basic, corner_web_ring, uniq_jessica
D:3:      layout_loops_ring, gammafunk_temple_overflow_claw
D:4:      layout_loops_ring, gammafunk_ghost_mausoleum,
          nicolae_underground_beach
D:5:      layout_gridville, uniq_eustachio
D:6:      layout_loops_corners, kennysheep_vampire_church,
          nicolae_ashenzari_skybound, amcnicky_altar_gilded,
          minmay_temple_entry_butterflies, minmay_misc_feat_tower,
          grunt_decor_clamped, minmay_tree_intersection, minmay_small_thing
D:7:      layout_basic, mainiacjoe_overflow_catwalk_spiral, serial_shops, shop,
          uniq_pikel
D:8:      hangedman_cross_stitches, layout_loops_corners, serial_bayou,
          serial_bayou_pond_a, serial_bayou_shore_a, serial_bayou_lake_a,
          serial_bayou_lagoon_b, serial_bayou_pond_e, serial_bayou_shore_b,
          uniq_psyche
Temple:   nicolae_temple_ecumenical_triangle

Skill      XL: |  1  2  3  4  5  6  7  8  9 10 |
---------------+-------------------------------+-----
Conjurations   | 2 3 4 5 6 7 9 10 12 13 | 13.0
Poison Magic   | 2 3 |  3.4
Air Magic      | 2 3 |  3.0
Translocations | 3 |  3.0
Transmutations | 1 |  1.2
Fire Magic     | 1 |  1.2
Evocations     | 1 |  1.2
Dodging        | |  1.7
Stealth        | |  1.7
Spellcasting   | |  3.3
Summonings     | |  1.0

Action                     |  1- 3 |  4- 6 |  7- 9 | 10-12 || total
---------------------------+-------+-------+-------+-------++-------
  Melee: Dagger            |    23 |    42 |   178 |    38 ||   281
         Tailslap          |     3 |    10 |    31 |     8 ||    52
         Punch             |     1 |       |     1 |       ||     2
   Cast: Magic Dart        |   100 |   123 |   503 |    47 ||   773
         Mephitic Cloud    |       |       |    11 |    10 ||    21
         Ignite Poison     |       |       |       |     7 ||     7
    Use: Scroll            |       |     6 |     6 |       ||    12
         Potion            |       |     2 |       |       ||     2
 Armour: Skin              |    14 |    13 |   267 |    40 ||   334
  Dodge: Dodged            |    25 |    42 |   311 |    35 ||   413
